 Dungeon Crawl Stone Soup version 0.23.2 (webtiles) character file.

Game seed: 4499793046825137783

22657 Forgol the Basher (level 12, -4/120 HPs)
             Began as a Troll Berserker on Apr 4, 2019.
             Was a High Priest of Trog.
             Slain by an ice devil (8 damage)
             ... in an ice cave.
             The game lasted 00:32:58 (13079 turns).

Forgol the Basher (Troll Berserker)                Turns: 13079, Time: 00:32:59

Health: -4/120     AC:  8    Str: 29    XL:     12   Next: 64%
Magic:  11/11      EV: 12    Int:  3    God:    Trog [*****.]
Gold:   867        SH: 15    Dex: 12    Spells: 11/11 levels left

rFire    . . .     SeeInvis +   A - +3 flail (drain)
rCold    + . .     Gourm    +   G - +0 shield
rNeg     . . .     Faith    .   i - +2 robe {rC+}
rPois    .         Spirit   .   (helmet restricted)
rElec    .         Reflect  +   o - scarf {repulsion}
rCorr    +         Harm     .   (gloves unavailable)
MR       ++...                  (boots unavailable)
Stlth    +.........             k - +5 amulet of reflection
HPRegen  1.70/turn              r - ring of resist corrosion
MPRegen  0.12/turn              L - ring of see invisible

@: berserk cooldown, regenerating, repel missiles
A: large, unfitting armour, claws 3, fast metabolism 3, gourmand, regeneration
1, shaggy fur 1, tough skin 3
a: Berserk, Trog's Hand, Brothers in Arms, Renounce Religion


You were in an ice cave.
You worshipped Trog.
Trog was extremely pleased with you.
You were very full.

You visited 2 branches of the dungeon, and saw 14 of its levels.
You also visited: Ossuary and Ice Cave.

You collected 867 gold pieces.

Inventory:

Hand Weapons
 A - a +3 flail of draining (weapon)
 K - a +0 giant spiked club
Missiles
 t - 13 poisoned tomahawks
 y - 5 large rocks (quivered)
 z - 10 tomahawks of returning
 J - 6 steel tomahawks
Armour
 i - a +2 robe of cold resistance (worn)
 o - a scarf of repulsion (worn)
 G - a +0 shield (worn)
 H - a +0 troll leather armour
 N - +0 fire dragon scales
 T - +0 steam dragon scales
Jewellery
 k - a +5 amulet of reflection (around neck)
 n - an uncursed amulet of the acrobat
 r - a ring of resist corrosion (left claw)
 w - an uncursed ring of stealth
 E - an uncursed amulet of guardian spirit {unknown}
 L - a ring of see invisible (right claw)
Wands
 b - a wand of random effects (36)
 h - a wand of digging (4)
 j - a wand of scattershot (4)
 m - a wand of flame (18)
 P - a wand of paralysis (7)
 U - a wand of iceblast (8)
Scrolls
 l - 14 scrolls of teleportation
 q - 6 scrolls of remove curse
 s - a scroll of magic mapping
 v - 4 scrolls of blinking
 Q - 3 scrolls of identify
 R - a scroll of enchant weapon
 S - a scroll of brand weapon {unknown}
Potions
 a - a potion of invisibility {unknown}
 d - 5 potions of lignification
 e - a potion of berserk rage
 f - 5 potions of curing
 g - 3 potions of ambrosia
 p - 2 potions of brilliance
 u - 7 potions of flight
 x - 3 potions of might
 B - a potion of mutation {unknown}
 C - 2 potions of heal wounds {unknown}
 D - 2 potions of degeneration {unknown}
 F - a potion of resistance {unknown}
 I - a potion of haste {unknown}
 M - a potion of magic {unknown}
Comestibles
 c - 28 rations


   Skills:
 + Level 8.2 Fighting
 * Level 12.8 Maces & Flails
 - Level 6.0 Throwing
 + Level 3.2 Armour
 + Level 8.7 Dodging
 + Level 3.9 Shields


You had 11 spell levels left.
You didn't know any spells.
Your spell library was empty.

Dungeon Overview and Level Annotations

Branches:
Dungeon (11/15)            Temple (0/1) D:4            Lair (3/6) D:11
  Swamp (0/4) Lair:2       Spider (0/4) Lair:3
    Orc: D:9-12

Altars:
Ashenzari
Elyvilon
Kikubaaqudgha
Ru
Sif Muna
Trog
The Shining One

Shops:
D:5 =   D:6 *   D:10 (?*


Innate Abilities, Weirdness & Mutations

You are too large for most types of armour.
You have claws for hands.
Your metabolism is lightning-fast.
You like to eat raw meat.
Your natural rate of healing is unusually fast.
You are covered in fur. (AC +1)
You have extremely tough skin. (AC +3)


Message History

The ice devil is lightly wounded.
You block the ice devil's attack. The ice devil hits you.
* * * LOW HITPOINT WARNING * * *
The ice devil freezes you! You resist.
* * * LOW HITPOINT WARNING * * *
The ice devil hits you!
* * * LOW HITPOINT WARNING * * *
The ice devil freezes you. You resist.
* * * LOW HITPOINT WARNING * * *
You hit the ice devil.
The ice devil is lightly wounded.
You block the ice devil's attack. x2; The ice devil hits you.
* * * LOW HITPOINT WARNING * * *
The ice devil freezes you. You resist.
* * * LOW HITPOINT WARNING * * *
You hit the ice devil.
The ice devil is moderately wounded.
The ice devil closely misses you. The ice devil barely misses you.
The ice devil hits you!
You die...

##... ..... ......
#### ......
##..###### #......
##....##..##.......
#.....44...........
#..∩∩.@4..........⌠
#.......##.........
##....######.......
##..## #...... ####
...... ...... .....
##...


You could see 3 ice devils.

Vanquished Creatures
  A fire dragon (Lair:1)
  Harold (D:10)
  A hydra (D:10)
  A two-headed ogre (D:10)
  A cyclops (D:10)
  A deep elf mage (D:10)
  An ugly thing (D:11)
  2 elephants (Lair:2)
  3 spiny frogs (Lair:2)
  A rime drake (Lair:2)
  A komodo dragon (Lair:2)
  A queen bee (Lair:2)
  2 trolls (D:9)
  A meliai (D:10)
  4 hippogriffs
  2 bog bodies (Lair:2)
  5 blink frogs (Lair:2)
  13 yaks
  2 redbacks
  A shadow (D:10)
  A vampire (D:10)
  4 wyverns (Lair:2)
  4 hogs (D:8)
  A human (D:8)
  2 basilisks (Lair:2)
  2 hungry ghosts
  A steam dragon (Lair:2)
  3 water moccasins
  A porcupine (Lair:3)
  5 sky beasts
  A black bear (D:8)
  5 orc warriors
  12 ice beasts
  4 ogres
  7 centaurs
  A phantom (D:9)
  3 crocodiles
  A big kobold (D:9)
  10 bullfrogs
  Blork the orc (D:6)
  17 scorpions
  32 killer bees
  3 howler monkeys
  9 wights
  4 crimson imps
  A centaur zombie (Ossuary)
  3 human zombies (Ossuary)
  3 bullfrog zombies
  4 orc priests
  A bullfrog skeleton (D:4)
  6 hounds
  4 jellies
  Jessica (D:2)
  3 centaur skeletons
  5 iguanas
  9 orc wizards
  15 worker ants
  2 big kobold zombies (Ossuary)
  2 hound skeletons (D:7)
  A hound zombie (D:10)
  3 mummies (Ossuary)
  A worker ant zombie (D:11)
  7 gnolls
  A river rat (Lair:2)
  2 scorpion zombies (Ossuary)
  8 adders
  6 shadow imps
  2 adder skeletons
  A worm (D:2)
  4 dart slugs
  3 leopard geckos
  39 orcs
  4 giant cockroaches
  A gnoll zombie (Ossuary)
  6 hobgoblins
  8 jackals
  4 quokkas
  2 ball pythons
  6 bats
  4 frilled lizards
  2 goblins
  2 goblin zombies (Ossuary)
  4 hobgoblin zombies (Ossuary)
  2 jackal skeletons (D:5)
  A jackal zombie (D:7)
  13 kobolds
  4 kobold zombies (Ossuary)
  6 rats
385 creatures vanquished.

Vanquished Creatures (collateral kills)
  A centaur (D:9)
  6 killer bees
  An orc wizard (D:9)
  2 worker ants (D:11)
  An adder (D:9)
11 creatures vanquished.

Vanquished Creatures (others)
  A goblin zombie (Ossuary)
  An orc zombie (Ossuary)
  A fungus (Lair:3)
  12 plants (Lair:2)
15 creatures vanquished.

Grand Total: 411 creatures vanquished

Notes
Turn   | Place    | Note
-------+----------+-------------------------------------------
     0 | D:1      | Forgol the Troll Berserker began the quest for the Orb.
     0 | D:1      | Reached XP level 1. HP: 22/22 MP: 0/0
   123 | D:1      | Reached skill level 3 in Maces & Flails
   176 | D:1      | Reached XP level 2. HP: 29/29 MP: 1/1
   740 | D:1      | Reached ** piety under Trog
   821 | D:2      | Reached XP level 3. HP: 34/36 MP: 2/2
   882 | D:2      | Noticed Jessica
   898 | D:2      | Killed Jessica
   931 | D:2      | Reached skill level 4 in Maces & Flails
   970 | D:2      | Reached XP level 4. HP: 40/44 MP: 3/3
  1225 | D:2      | Found a sacrificial altar of Ru.
  1225 | D:2      | Found an ancient bone altar of Kikubaaqudgha.
  1610 | D:3      | Reached XP level 5. HP: 50/50 MP: 4/4
  1694 | D:3      | Found a deep blue altar of Sif Muna.
  1739 | D:3      | Found a sacrificial altar of Ru.
  1925 | D:3      | Reached skill level 5 in Maces & Flails
  2212 | D:3      | Reached *** piety under Trog
  2460 | D:4      | Found a staircase to the Ecumenical Temple.
  2504 | D:4      | Found a sand-covered staircase.
  2511 | Ossuary  | Entered an ossuary
  2541 | Ossuary  | Reached XP level 6. HP: 28/59 MP: 5/5
  2821 | Ossuary  | Reached XP level 7. HP: 65/67 MP: 6/6
  2825 | Ossuary  | Reached skill level 6 in Maces & Flails
  3330 | Ossuary  | Reached **** piety under Trog
  3330 | Ossuary  | Reached XP level 8. HP: 78/78 MP: 7/7
  3342 | Ossuary  | Reached skill level 7 in Maces & Flails
  3446 | D:4      | Found a white marble altar of Elyvilon.
  3620 | D:4      | Found a bloodstained altar of Trog.
  3854 | D:5      | Entered Level 5 of the Dungeon
  3878 | D:5      | Found Wauruclu's Jewellery Shop.
  3899 | D:5      | Reached skill level 5 in Dodging
  4347 | D:5      | Reached skill level 8 in Maces & Flails
  4465 | D:6      | Received a gift from Trog
  4663 | D:6      | Reached XP level 9. HP: 87/87 MP: 8/8
  4665 | D:6      | Noticed Blork the orc
  4671 | D:6      | Reached skill level 1 in Throwing
  4691 | D:6      | Killed Blork the orc
  4891 | D:6      | Reached skill level 5 in Fighting
  4921 | D:6      | Found Hairchio's Assorted Antiques.
  5055 | D:6      | Found a shattered altar of Ashenzari.
  5579 | D:7      | Reached skill level 9 in Maces & Flails
  6464 | D:8      | Reached ***** piety under Trog
  6697 | D:8      | Reached XP level 10. HP: 98/98 MP: 9/9
  7196 | D:8      | Reached skill level 10 in Maces & Flails
  7503 | D:9      | Received a gift from Trog
  7715 | D:9      | Received a gift from Trog
  7962 | D:9      | Found a glowing golden altar of the Shining One.
  8044 | D:10     | Entered Level 10 of the Dungeon
  8060 | D:10     | Noticed Harold
  8081 | D:10     | Killed Harold
  8135 | D:10     | Reached skill level 5 in Throwing
  8184 | D:10     | Reached XP level 11. HP: 66/107 MP: 10/10
  8342 | D:10     | Reached skill level 11 in Maces & Flails
  8395 | D:10     | Noticed an eight-headed hydra
  8396 | D:10     | Found the +8 storm bow {elec}
  8416 | D:10     | Killed an eight-headed hydra
  8504 | D:10     | Noticed a deep elf mage
  8515 | D:10     | Killed a deep elf mage
  8533 | D:10     | Found Caet's Magic Scroll Emporium.
  8572 | D:10     | Found Zoidghy's Antique Weapon Emporium.
  8718 | D:10     | Identified the +5 long sword of Penax {antimagic, rC+ Dex+3
                  | Stlth+}
  8871 | D:10     | Found Vicw's Assorted Antiques.
  8982 | D:10     | Noticed a two-headed ogre
  8991 | D:10     | Received a gift from Trog
  8996 | D:10     | Killed a two-headed ogre
  9111 | D:11     | Reached skill level 1 in Shields
  9160 | D:11     | Found a glowing golden altar of the Shining One.
  9221 | D:11     | Received a gift from Trog
  9319 | D:11     | Noticed a green ugly thing
  9333 | D:11     | Killed a green ugly thing
  9386 | D:11     | Found a staircase to the Lair.
  9914 | Lair:1   | Entered Level 1 of the Lair of Beasts
 10105 | Lair:1   | Noticed a fire dragon
 10132 | Lair:1   | Killed a fire dragon
 10799 | Lair:2   | Reached skill level 1 in Armour
 10843 | Lair:2   | Reached skill level 12 in Maces & Flails
 11095 | Lair:2   | Reached XP level 12. HP: 107/118 MP: 11/11
 11225 | Lair:2   | Found a staircase to the Swamp.
 11507 | Lair:2   | Received a gift from Trog
 12924 | Lair:3   | Found a hole to the Spider Nest.
 13007 | Lair:3   | Found a frozen archway.
 13042 | IceCv    | Entered an ice cave
 13077 | IceCv    | HP: 6/120 [ice devil (6)]
 13079 | IceCv    | Slain by an ice devil

Skill      XL: |  1  2  3  4  5  6  7  8  9 10 11 12 |
---------------+-------------------------------------+-----
Maces & Flails | 3 4 5 6 8 9 10 12 | 12.8
Dodging        | 3 4 5 6 7 8 |  8.7
Fighting       | 3 4 5 6 7 8 |  8.2
Throwing       | 3 5 6 |  6.0
Shields        | 2 3 |  3.9
Armour         | 1 3 |  3.2

Action                   |  1- 3 |  4- 6 |  7- 9 | 10-12 || total
-------------------------+-------+-------+-------+-------++-------
Melee: Mace              |    94 |   180 |   277 |       ||   551
       Giant club        |       |       |    25 |       ||    25
       Flail             |       |       |   165 |   756 ||   921
Throw: Tomahawk          |       |       |       |     2 ||     2
Invok: Berserk           |     2 |     4 |     7 |    18 ||    31
       Trog's Hand       |       |       |     3 |     9 ||    12
       Brothers in Arms  |       |       |       |     3 ||     3
  Use: Scroll            |     4 |     2 |    13 |     5 ||    24
       Potion            |       |       |       |     2 ||     2
 Stab: Sleeping          |     1 |       |     3 |     5 ||     9
       Paralysed         |       |     3 |       |       ||     3
  Eat: Chunk             |    17 |    18 |    43 |    89 ||   167
       Ration            |       |       |     3 |       ||     3
Armor: Animal skin       |    41 |       |       |       ||    41
       Robe              |     3 |    52 |   162 |    31 ||   248
       Troll leather arm |       |       |       |    62 ||    62
       Fire dragon scale |       |       |       |    94 ||    94
       Steam dragon scal |       |       |       |    27 ||    27
Dodge: Dodged            |    69 |   103 |   296 |   362 ||   830
       Deflected         |       |       |     3 |     6 ||     9
Block: Other             |       |    38 |    26 |    34 ||    98
       Reflection        |       |       |       |     5 ||     5
       Shield            |       |       |       |   427 ||   427
